 Dungeon Crawl Stone Soup version 0.29.1-1-gd02db6906a (webtiles) character file.

Game seed: 12559709210158113145

169 lonewolfV2 the Trooper (level 5, 0/47 HPs)
             Began as a Minotaur Berserker on Oct 17, 2022.
             Was a Priest of Trog.
             Slain by an orc
             ... wielding a +0 falchion
              (3 damage)
             ... on level 3 of the Dungeon.
             The game lasted 00:03:21 (2742 turns).

lonewolfV2 the Trooper (Minotaur Berserker)         Turns: 2742, Time: 00:03:22

Health: 0/47       AC:  9    Str: 23    XL:     5   Next: 25%
Magic:  4/4        EV: 11    Int:  4    God:    Trog [***...]
Gold:   173        SH:  0    Dex: 10    Spells: 4/4 levels left

rFire   + . .      SeeInvis .   a - +0 hand axe
rCold   . . .      Faith    .   (no shield)
rNeg    . . .      Spirit   .   k - +2 scale mail {rF+}
rPois   .          Reflect  .   (helmet restricted)
rElec   .          Harm     .   (no cloak)
rCorr   .          Rampage  .   (no gloves)
Will    .....                   (no boots)
Stlth   ..........              (no amulet)
HPRegen 0.15/turn               (no ring)
MPRegen 0.09/turn               (no ring)

@: hasted, invisible, very quick
A: horns 2, retaliatory headbutt
a: Renounce Religion, Berserk, Trog's Hand


You were on level 3 of the Dungeon.
You worshipped Trog.
Trog was most pleased with you.
You visited 1 branch of the dungeon, and saw 3 of its levels.

You collected 173 gold pieces.

Inventory:

Hand Weapons
 a - a +0 hand axe (weapon)
Armour
 k - a +2 scale mail of fire resistance (worn)
Jewellery
 p - a ring of fire
Wands
 c - a wand of digging (6)
Scrolls
 d - 2 scrolls of magic mapping
 f - a scroll of noise {unknown}
 n - a scroll of teleportation
Potions
 b - a potion of brilliance {unknown}
 e - 2 potions of haste
 g - 2 potions of lignification
 h - a potion of might {unknown}
 j - a potion of magic {unknown}
 l - a potion of heal wounds {unknown}
 m - a potion of mutation {unknown}
 o - a potion of flight {unknown}


   Skills:
 + Level 4.8 Fighting
 + Level 4.7 Axes
 + Level 3.9 Armour
 + Level 3.4 Dodging


You had 4 spell levels left.
You didn't know any spells.
Your spell library was empty.

Dungeon Overview and Level Annotations

Branches:
Dungeon (3/15)

Altars:


Innate Abilities, Weirdness & Mutations

You have a pair of horns on your head.
You reflexively headbutt those who attack you in melee.


Message History

You kill the frilled lizard!
Trog accepts your kill.
The gnoll hits you from afar with a +0 halberd!
The gnoll hits you but does no damage.
There is an open door here.
You see here a quokka corpse.
You hit the gnoll but do no damage.
The gnoll is moderately wounded.
The gnoll hits you with a +0 halberd.
You hit the gnoll. Your headbutt misses the gnoll.
The gnoll is moderately wounded.
The gnoll hits you with a +0 halberd.
* * * LOW HITPOINT WARNING * * *
You feel yourself speed up. The gnoll hits you with a +0 halberd!
* * * LOW HITPOINT WARNING * * *
You hit the gnoll.
The gnoll is heavily wounded.
The gnoll barely misses you.
You hit the gnoll. Your headbutt misses the gnoll.
The gnoll is almost dead.
You hit the gnoll.
The gnoll is almost dead.
The gnoll closely misses you.
You slash the gnoll!
You kill the gnoll!
Trog accepts your kill.
You hit the orc but do no damage. You headbutt the orc, but do no damage.
A ball python comes into view.
You closely miss the orc.
The ball python hisses angrily.
Your headbutt misses the orc.
You hear a shout!
You hear an angry hiss.
A kobold comes into view. It is wielding a +0 dagger.
The orc hits you with a +0 falchion.
* * * LOW HITPOINT WARNING * * *
You fade into invisibility!
The kobold shouts!
A hobgoblin comes into view.
The orc hits you with a +0 falchion.
You die...

*,,,,,,**,* #.....# #.
#,,,,,,*,** #.....# #.
#g,,,,,*** #.....# #.
#K#*+**+*# #.....# ##
#.S#*,,*.####.....####
#.).#*,#..#.......')..
*#..g*#.#*#.#.....####
*#Jo#..#*#.#.........
##+##@##+##.#.########
#.........#...........
#.8..8..8.#...........
#.........#>..........
#####'######..........
#..# #.......... ##.#
#..........
##.#####..........
#.................


You could see an orc (unable to see you), an endoplasm, 2 hobgoblins, a ball
python (unable to see you) and a kobold (wandering, unable to see you).

Vanquished Creatures
  Terence (D:2)
  Robin (D:2)
  A gnoll (D:3)
  4 adders
  A worm (D:2)
  4 dart slugs
  4 bats
  8 endoplasms
  2 giant cockroaches
  13 goblins
  5 hobgoblins
  5 kobolds
  5 quokkas
  7 ball pythons
  5 frilled lizards
  8 rats
74 creatures vanquished.

Vanquished Creatures (others)
  11 plants (D:3)
11 creatures vanquished.

Grand Total: 85 creatures vanquished

Notes
Turn   | Place    | Note
-------+----------+-------------------------------------------
     0 | D:1      | lonewolfV2 the Minotaur Berserker began the quest for the
                  | Orb.
     0 | D:1      | Reached XP level 1. HP: 19/19 MP: 0/0
   190 | D:1      | Reached XP level 2. HP: 24/27 MP: 1/1
   479 | D:1      | Reached ** piety under Trog
   595 | D:1      | Reached XP level 3. HP: 33/33 MP: 2/2
   632 | D:1      | Noticed a shining eye
   634 | D:1      | Found a faded altar of an unknown god.
   636 | D:1      | Noticed a golden eye
   636 | D:1      | Noticed an eye of devastation
   636 | D:1      | Noticed a golden eye
  1026 | D:2      | Noticed Terence
  1036 | D:2      | Killed Terence
  1463 | D:2      | Reached XP level 4. HP: 37/41 MP: 3/3
  1561 | D:2      | Noticed Robin
  1572 | D:2      | Killed Robin
  2211 | D:3      | Reached *** piety under Trog
  2212 | D:3      | Reached XP level 5. HP: 46/47 MP: 4/4
  2742 | D:3      | Slain by an orc

Illustrated notes

Levels and vault maps discovered:
D:1:      minmay_arrival_wavy_path, layout_basic,
          hellmonk_ecumenical_altar_watching_god, minmay_misc_feat_iff
D:2:      layout_loops_cross, uniq_terence, uniq_robin
D:3:      minmay_chambers_of_threes, layout_basic, serial_bayou,
          serial_bayou_pond_c, serial_bayou_lagoon_a, serial_bayou_shore_b,
          serial_bayou_pond_d, uniq_jessica

Skill      XL: |  1  2  3 |
---------------+----------+-----
Fighting       | 4 |  4.8
Axes           | 4 |  4.7
Armour         | 3 |  3.9
Dodging        | 3 |  3.4

Action                   |  1- 3 |  4- 6 || total
-------------------------+-------+-------++-------
Melee: Hand axe          |    57 |    77 ||   134
       Headbutt          |     6 |    13 ||    19
       Punch             |       |     1 ||     1
  Use: Scroll            |       |     8 ||     8
       Potion            |       |     2 ||     2
Armor: Animal skin       |     3 |       ||     3
       Scale mail        |     3 |    40 ||    43
Dodge: Dodged            |    44 |    58 ||   102
